[Event "Late-Titled-Tuesday-Blitz-April-23-2024"]
[Site "Chess.com"]
[Date "2024.04.23"]
[Round "11"]
[White "Rodalquilar"]
[Black "DanielNaroditsky"]
[Result "0-1"]
[WhiteElo "2744"]
[BlackElo "2966"]
[TimeControl "180+1"]
[EndTime "16:08:17 PDT"]
[Termination "DanielNaroditsky won on time"]

1. d4 Nf6 2. Nf3 g6 3. Bf4 Bg7 4. e3 O-O 5. Be2 c5 6. c3 d6 7. O-O cxd4 8. exd4 Nc6 9. Nbd2 Nh5 10. Be3 e5 11. dxe5 dxe5 12. Nc4 Qe7 13. Qd6 Qxd6 14. Nxd6 Rd8 15. Rfd1 Bf8 16. Nxc8 Raxc8 17. Bg5 Rxd1+ 18. Rxd1 h6 19. Be3 Nf6 20. Bb5 Ng4 21. Bxc6 Rxc6 22. Bxa7 Ra6 23. Bb8 Bc5 24. Rd8+ Kg7 25. h3 Bxf2+ 26. Kf1 Bb6 27. Re8 Ne3+ 28. Ke2 Nxg2 29. Bxe5+ f6 30. Re7+ Kf8 31. Bxf6 Nf4+ 32. Kd2 Nd5 33.
Rxb7 Nxf6 34. Ne5 Ne4+ 35. Kc2 Bd8 36. Rb4 Ng5 37. h4 Nf7 38. Nxf7 Kxf7 39. a4 h5 40. Rf4+ Rf6 41. Rb4 Rf2+ 42. Kb3 Rh2 43. Rb7+ Ke8 44. Rb8 Kd7 45. Rb7+ Kc6 46. Rg7 Rg2 47. a5 Bxa5 48.
Kc4 Rg4+ 49. Kd3 Bd8 50. b4 Bxh4 51. c4 Bf6 52. Rf7 Bd4 53. b5+ Kd6 54. Rh7 Bc5 55. Rh8 h4 0-1

[Event "Late-Titled-Tuesday-Blitz-April-23-2024"]
[Site "Chess.com"]
[Date "2024.04.23"]
[Round "11"]
[White "temiksmozg"]
[Black "dretch"]
[Result "1/2-1/2"]
[WhiteElo "2719"]
[BlackElo "2910"]
[TimeControl "180+1"]
[EndTime "16:08:20 PDT"]
[Termination "Game drawn by repetition"]

1. e4 e6 2. d3 d5 3. Nd2 Bd6 4.
Ngf3 c5 5. g3 Ne7 6. Bg2 O-O 7. O-O Nbc6 8. Re1 Qc7 9. Qe2 f6 10. h4 Bd7 11. Nf1 d4 12. h5 e5 13.
Nh4 b5 14. g4 a5 15. Ng3 a4 16. g5 fxg5 17. Bxg5 a3 18. b3 Rae8 19. Rf1 Qc8 20. Kh2 Rf4 21. Ngf5 Nxf5 22. exf5 Bxf5 23. Bxf4 exf4 24.
Qf3 Be6 25. Kg1 Nb4 26. Qd1 Be7 27. Nf3 Bg4 28. Re1 Qf5 29. Qd2 Qxh5 30. Re5 Qf7 31. Nh2 Bd7 32. Rae1 Bd6 33. Rxe8+ Bxe8 34. c3 dxc3 35.
Qxc3 Bd7 36. Qd2 h6 37. d4 c4 38. bxc4 bxc4 39. d5 Nd3 40. Rb1 Bc5 41. Rf1 Bf5 42. Nf3 Qxd5 43. Ne1 Qd4 44. Nxd3 Bxd3 45. Re1 c3 46.
Qd1 c2 47. Qc1 Bb4 48. Re8+ Kf7 49. Rc8 Qb2 50. Qxf4+ Kg6 51. Qg4+ Kf6 52. Qf4+ Kg6 53. Qg4+ Kf6 54. Qf4+ Kg6 1/2-1/2

[Event "Late-Titled-Tuesday-Blitz-April-23-2024"]
[Site "Chess.com"]
[Date "2024.04.23"]
[Round "11"]
[White "masterofpuppets2"]
[Black "azikom"]
[Result "0-1"]
[WhiteElo "2478"]
[BlackElo "2700"]
[TimeControl "180+1"]
[EndTime "16:08:22 PDT"]
[Termination "azikom won on time"]

1. d4 c6 2. c4 d5 3. cxd5 cxd5 4. Bf4 Nc6 5. e3 Qb6 6. Nc3 e6 7. a3 Nf6 8. Bd3 Bd7 9. Nge2 Rc8 10. h3 Be7 11. b4 Qd8 12. O-O O-O 13. Na4 Ne4 14.
Nc5 Nxc5 15. bxc5 h6 16. Bc2 b6 17. Qd3 f5 18. cxb6 axb6 19. Rfc1 Na5 20. Be5 Nc4 21. Nf4 Nxe5 22. dxe5 Bc5 23. Rd1 Qe8 24. Bb3 Kh8 25. h4 g5 26. hxg5 hxg5 27. Ne2 Kg7 28.
g3 Rh8 29. Kg2 Bb5 30. Qd2 Bc4 31. Bxc4 dxc4 32. Qc2 Qc6+ 33. e4 fxe4 34. Nc3 e3+ 35. Qe4 exf2 36. Qxc6 Rxc6 37. Ne4 Kg6 38. Rac1 Bxa3 39.
Rc3 Bb2 40. Rf3 Bxe5 41. Rd7 c3 42. Rd1 c2 43. Rf1 Rc4 44. Nxf2 c1=Q 45. Rxc1 Rxc1 46. Nd3 Rc2+ 47. Kf1 Bd4 48. Ne1 Ra2 49. g4 Bc5 50. Rg3 Rha8 51. Rd3 R8a3 0-1

[Event "Late-Titled-Tuesday-Blitz-April-23-2024"]
[Site "Chess.com"]
[Date "2024.04.23"]
[Round "11"]
[White "nihalsarin"]
[Black "MatthewG-p4p"]
[Result "1-0"]
[WhiteElo "3141"]
[BlackElo "2912"]
[TimeControl "180+1"]
[EndTime "16:08:24 PDT"]
[Termination "nihalsarin won on time"]

1. e4 e6 2. Qe2 Be7 3. h4 d5 4. e5 c5 5. d3 Nc6 6. c3 Qc7 7. Nf3 f6 8. Bf4 fxe5 9. Nxe5 Nxe5 10. Bxe5 Bd6 11. Qh5+ g6 12. Bxd6 Qxd6 13. Qg5 Qe7 14.
Nd2 Nf6 15. Nf3 Bd7 16. Ne5 O-O-O 17. g3 Rhf8 18. Bh3 Rde8 19. O-O Kb8 20. Rfe1 Bc8 21. Re2 Ng8 22. Rae1 Qd6 23. d4 cxd4 24. cxd4 Qb4 25. Qe3 Nf6 26. a3 Qb6 27. f3 Nd7 28. Nd3 Qd6 29.
Kg2 Qb6 30. b4 Qd6 31. Qh6 Nf6 32. Nc5 Nh5 33. Re5 b6 34. Nd3 Ba6 35. Nf2 Rf7 36. Bg4 Bc8 37. Bxh5 gxh5 38. Qxh5 Ref8 39. f4 Rg7 40. Rg5 Rc7 41. Rge5 Rg8 42. Kh2 Rc2 43. R1e2 Qc7 44. Rxc2 Qxc2 45. Re2 Qc3 46. Qe5+ Ka8 47. Qe3 Qa1 48. Rc2 Qb1 49. Qc1 Qxc1 50. Rxc1 Kb7 51.
g4 Bd7 52. g5 a5 53. bxa5 bxa5 54. Ng4 Rg7 55. h5 Bb5 56. Kg3 Be2 57. Re1 1-0

[Event "Late-Titled-Tuesday-Blitz-April-23-2024"]
[Site "Chess.com"]
[Date "2024.04.23"]
[Round "11"]
[White "stollenmonster"]
[Black "juancruzarias"]
[Result "1-0"]
[WhiteElo "2914"]
[BlackElo "2667"]
[TimeControl "180+1"]
[EndTime "16:08:24 PDT"]
[Termination "stollenmonster won by resignation"]

1. e4 c6 2. d4 d5 3. e5 c5 4. c4 cxd4 5. Nf3 e6 6. Nxd4 Nc6 7. Nc3 Bb4 8. Nxc6 bxc6 9. Qa4 a5 10. a3 Bxc3+ 11.
bxc3 Ne7 12. Be3 O-O 13. Bc5 Ba6 14. Rd1 Re8 15. Be2 Qc8 16. O-O Bxc4 17. Bxc4 dxc4 18. Bxe7 Rxe7 19. Rd6 Rd7 20. Rxc6 Qd8 21. Qxc4 g6 22. g3 Rd5 23. Re1 h5 24. h4 Rb8 25. Kg2 Kg7 26. Rc7 Rb2 27. Re3 Rd7 28. Rc8 Qb6 29.
Rf3 Qb7 30. Rc6 Rdd2 31. Qc5 Rb5 32. Rc7 Qxf3+ 33. Kxf3 Rxc5 34. Rxc5 a4 35. Rc4 g5 36.
hxg5 Kg6 37. Ke3 Rd5 38. Rxa4 Rxe5+ 39. Kd3 Re1 40. Rb4 Rd1+ 41. Kc2 Rf1 42. Rf4 e5 43. Rf6+ Kxg5 44. Rxf7 e4 45. Rf4 Ra1 46. Kb2 Re1 47. a4 e3 48. fxe3 Rxe3 49. Rf8 Kg4 50. Rg8+ Kf3 51.
Rg5 Re4 52. Kb3 h4 53. gxh4 Rxh4 54. Rd5 Rh1 55. a5 Ke4 56. Rd4+ Ke5 57. Ra4 Kd6 58. a6 Kc7 59. a7 Rb1+ 60. Kc2 1-0

[Event "Late-Titled-Tuesday-Blitz-April-23-2024"]
[Site "Chess.com"]
[Date "2024.04.23"]
[Round "11"]
[White "finec2"]
[Black "Supelyel"]
[Result "1/2-1/2"]
[WhiteElo "2245"]
[BlackElo "2392"]
[TimeControl "180+1"]
[EndTime "16:08:24 PDT"]
[Termination "Game drawn by repetition"]

1. e4 d6 2. d4 Nf6 3. Nc3 e5 4. Nf3 Nbd7 5. Be2 Be7 6. O-O O-O 7. h3 c6 8. Re1 b5 9. a3 Bb7 10. Bf1 a6 11. g4 Rc8 12. Bg2 c5 13. d5 c4 14. Nh4 Nxd5 15. Nf5 Nxc3 16. bxc3 Nc5 17. f3 Kh8 18. Be3 Ne6 19. Qd2 Qc7 20. Rad1 Rcd8 21. Qf2 Rd7 22. h4 Bc6 23. g5 g6 24. Nh6 f6 25.
Bh3 f5 26. exf5 gxf5 27. Bxf5 Ng7 28. Bxd7 Qxd7 29. f4 exf4 30. Bxf4 Nf5 31. Nxf5 Rxf5 32. Qd4+ Kg8 33. Rf1 Rd5 34. Qe3 Qg4+ 35. Qg3 Qxd1 36.
Rxd1 Rxd1+ 37. Kf2 d5 38. Bd6 Rd2+ 39. Ke3 Rxc2 40. Kd4 Bd8 41. Qe5 Bb6+ 42. Bc5 Rd2+ 43. Ke3 Rd3+ 44. Ke2 Bxc5 45. Qe6+ Kg7 46. Qxc6 Re3+ 47.
Kd2 Rd3+ 48. Kc2 Be3 49. Qd7+ Kg6 50. Qe6+ Kh5 51. Qh6+ Kg4 52. Qxh7 Bd2 53. Qd7+ Kf3 54. Qf5+ Ke2 55. Qg4+ Ke3 56. Qg3+ Ke2 57. Qg4+ Ke3 58.
Qg3+ Ke2 59. Qg4+ 1/2-1/2

[Event "Late-Titled-Tuesday-Blitz-April-23-2024"]
[Site "Chess.com"]
[Date "2024.04.23"]
[Round "11"]
[White "Fandorine"]
[Black "Zura_19"]
[Result "1-0"]
[WhiteElo "2919"]
[BlackElo "2625"]
[TimeControl "180+1"]
[EndTime "16:08:26 PDT"]
[Termination "Fandorine won on time"]

1. e4 c6 2. d4 d5 3. exd5 cxd5 4. Bd3 Nc6 5. c3 Nf6 6. h3 g6 7. Qc2 Bg7 8. Nf3 O-O 9. O-O Nd7 10. Bf4 f6 11.
Qb3 Nb6 12. Nbd2 e5 13. dxe5 fxe5 14. Be3 Kh8 15. Bb5 e4 16. Nh2 Ne5 17. f4 Nf7 18.
Rad1 Nd6 19. Ng4 Nf5 20. Bc5 Rg8 21. Nxe4 Qc7 22. Bxb6 Qxb6+ 23. Nef2 h5 24. Ne5 Ne3 25. Nf7+ Kh7 26. Ng5+ Kh8 27. Rxd5 Nxd5 28. Qxd5 Bf5 29. Kh1 Rad8 30. Nf7+ Kh7 31. Ng5+ Kh8 32. Qb3 a6 33. Bc4 Qxb3 34. axb3 Rgf8 35. Nf7+ Rxf7 36. Bxf7 Rd2 37. g4 Bd7 38. Bxg6 Bc6+ 39. Be4 Rxb2 40. Bxc6 bxc6 41. Ne4 Rxb3 42. Kg2 hxg4 43. hxg4 Bxc3 44. Rf3 Rb2+ 45. Kh3 Be1 46. g5 a5 47. Kg4 a4 48. Kf5 Rb3 49.
Rf1 Bb4 50. Kg6 a3 51. Nf6 Rh3 52. Rd1 1-0

[Event "Late-Titled-Tuesday-Blitz-April-23-2024"]
[Site "Chess.com"]
[Date "2024.04.23"]
[Round "11"]
[White "Szachulec75"]
[Black "jaramsdal"]
[Result "0-1"]
[WhiteElo "2088"]
[BlackElo "2237"]
[TimeControl "180+1"]
[EndTime "16:08:26 PDT"]
[Termination "jaramsdal won by resignation"]

1. Nf3 Nf6 2. g3 b5 3. Bg2 Bb7 4. d3 d5 5. O-O e6 6. Nbd2 c5 7. e4 dxe4 8. Ng5 Qc7 9. Ngxe4 Nbd7 10. Nxf6+ Nxf6 11. Ne4 Nxe4 12. dxe4 Be7 13. Qg4 O-O 14. Bf4 Qb6 15. Bh6 Bf6 16. Rae1 Be5 17. Bc1 c4 18. c3 a5 19. Kh1 b4 20. Be3 Qc6 21. f4 Bf6 22.
Rf2 e5 23. f5 Rad8 24. Bg5 Bxg5 25. Qxg5 f6 26. Qc1 Rd3 27. cxb4 axb4 28. Rc2 Rd4 29.
b3 c3 30. a3 bxa3 31. Rxc3 Qd6 32. Rc7 Ba8 33. Ra7 Rd2 34. Qxa3 Qxa3 35. Rxa3 Rb8 36. Bf3 Rd3 37. Bd1 Bxe4+ 38. Rxe4 Rxd1+ 39. Kg2 Rd3 40. Ra7 Rdxb3 41. Rg4 R3b7 42. Ra6 h5 43. Rg6 Rb2+ 44. Kh3 R2b5 45. Raxf6 e4 46. Re6 Rxf5 47. Rxe4 Rbf8 48. Kh4 Kh7 49. h3 Kxg6 50.
Re6+ R5f6 51. Re5 R8f7 52. Rg5+ Kh7 53. Rxh5+ Kg8 54. Rg5 Re6 55. g4 Re4 56. Kh5 Rf3 57. h4 Rff4 58. Rg6 Kf7 59. Rg5 g6+ 60. Kh6 Rxg4 0-1

[Event "Late-Titled-Tuesday-Blitz-April-23-2024"]
[Site "Chess.com"]
[Date "2024.04.23"]
[Round "11"]
[White "SahibSinghKnight"]
[Black "kylelancman"]
[Result "0-1"]
[WhiteElo "2625"]
[BlackElo "2508"]
[TimeControl "180+1"]
[EndTime "16:08:27 PDT"]
[Termination "kylelancman won on time"]

1. e4 c5 2. Nf3 g6 3. d4 cxd4 4. Nxd4 Nc6 5. Nc3 Bg7 6. Be3 Nf6 7. Bc4 O-O 8. Bb3 a5 9. O-O Nxd4 10. Bxd4 d6 11. Qd2 Bd7 12. a4 Bc6 13. Rfe1 Nd7 14.
Bxg7 Kxg7 15. Qd4+ Kg8 16. Bc4 Qb6 17. Qxb6 Nxb6 18.
Bd3 Rfc8 19. b3 e6 20. Rad1 d5 21. e5 Nd7 22. f4 Nc5 23. Bf1 Rd8 24. Ne2 Rac8 25.
Nd4 Ne4 26. Nxc6 bxc6 27. Bd3 Nc3 28. Rd2 c5 29. Bf1 Rb8 30. Re3 d4 31. Re1 Nd5 32.
g3 Ne3 33. Bb5 h5 34. c3 dxc3 35. Rde2 Nf5 36. Rc2 Nd4 37. Rxc3 Nxb5 38. axb5 Rxb5 39. Rec1 Rd5 40. R1c2 Kg7 41. Kf2 Kh6 42. Ke2 g5 43. Ke3 Kg6 44. h4 g4 45. Rd2 Kf5 46. Rcd3 Rxd3+ 47. Rxd3 Rb4 48. Rc3 Re4+ 49. Kf2 Rb4 50. Rxc5 Rxb3 51. Rxa5 Rb2+ 52. Kf1 Rd2 53. Ra3 Ke4 0-1

[Event "Late-Titled-Tuesday-Blitz-April-23-2024"]
[Site "Chess.com"]
[Date "2024.04.23"]
[Round "11"]
[White "gorgeous1083"]
[Black "mjelcic"]
[Result "0-1"]
[WhiteElo "2114"]
[BlackElo "2376"]
[TimeControl "180+1"]
[EndTime "16:08:29 PDT"]
[Termination "mjelcic won by resignation"]

1. d4 e6 2. c4 Bb4+ 3. Bd2 Be7 4. Nf3 Nf6 5. g3 O-O 6. Bg2 c5 7. e3 d5 8. cxd5 exd5 9. O-O Nc6 10. Bc3 Bg4 11.
dxc5 Bxc5 12. Nbd2 Ne4 13. Qc2 Nxc3 14. Qxc3 Bb4 15. Qc2 d4 16. exd4 Nxd4 17. Nxd4 Qxd4 18. Nf3 Qf6 19. a3 Ba5 20. Qb3 Bb6 21. Rac1 Rad8 22. Qc3 Qf5 23. Qc2 Qh5 24. Qe4 Rd7 25. Ne5 Re7 26. Qxg4 Rxe5 27. Qxh5 Rxh5 28. Bxb7 Rb5 29.
Rc2 Bd4 30. Bc6 Rxb2 31. Rxb2 Bxb2 32. a4 Rc8 33. Bb5 Bd4 34. Rd1 Bb6 35. Rd2 g6 36. Kg2 Kg7 37. h4 h6 38. Rb2 Rc3 39. Re2 Kf6 40. Rd2 Bc5 41. Re2 g5 42. hxg5+ hxg5 43.
Rd2 Kg6 44. Bd3+ Kg7 45. Be4 Rc4 46. Bc2 Bb4 47. Re2 Bc5 48. Bb3 Rc3 49. Bc2 a5 50. Be4 Kf6 51. Bc6 Bxf2 52. Rxf2+ Ke5 53. Bb5 f5 54.
Bd7 f4 55. g4 Rg3+ 56. Kh2 Rd3 57. Kg2 Rxd7 58. Rb2 Rd5 59. Kf3 Rc5 60. Rb3 Kd5 61.
Ra3 Kd4 62. Rb3 Rc3+ 63. Rxc3 Kxc3 64. Ke2 Kb4 65. Kd3 Kxa4 0-1

[Event "Late-Titled-Tuesday-Blitz-April-23-2024"]
[Site "Chess.com"]
[Date "2024.04.23"]
[Round "11"]
[White "vi_pranav"]
[Black "Nimrod_Veinberg"]
[Result "0-1"]
[WhiteElo "3053"]
[BlackElo "2836"]
[TimeControl "180+1"]
[EndTime "16:08:30 PDT"]
[Termination "Nimrod_Veinberg won by resignation"]

1. e4 c5 2. Nf3 e6 3. d4 cxd4 4. Nxd4 a6 5. c4 Nf6 6. Nc3 Bb4 7. Qd3 d6 8. Bd2 O-O 9. Be2 Nc6 10. Nxc6 bxc6 11. O-O e5 12. Rad1 Be6 13. a3 Bc5 14. Na4 Bd4 15. Be3 c5 16. Nc3 Rb8 17. Qd2 Qb6 18. Rb1 Qb3 19. Rfc1 Rfc8 20. Bd1 Qb7 21. Bf3 Bxc4 22. Bg5 Nd7 23. Be7 Qc7 24. b4 Nb6 25. Bg5 cxb4 26. axb4 Qd7 27. h3 Be6 28. Ne2 Nc4 29. Qe1 Bb6 30. Rd1 h6 31. Bc1 a5 32. Qf1 a4 33. Nc3 Bd4 34. Ne2 Bb6 35. Nc3 a3 36. Nd5 Bxd5 37. exd5 Bd4 38. Qe2 Qa7 39.
Bxh6 gxh6 40. Be4 f5 41. Bxf5 Rf8 42. Be6+ Kh8 43. Qxc4 Rxf2 44. Kh1 Qg7 45. Rg1 a2 46. Rbd1 a1=Q 47. Rxa1 Bxa1 48. Qc6 Bd4 49. Qxd6 Rbf8 50. Bg4 e4 51. Qa6 e3 52. Qd3 Qe5 53. Qg6 Qg5 54. Qd6 e2 55. Bxe2 Be5 56. Qc5 Qf4 57. g3 Qe4+ 0-1

[Event "Late-Titled-Tuesday-Blitz-April-23-2024"]
[Site "Chess.com"]
[Date "2024.04.23"]
[Round "11"]
[White "SpeedofLight0"]
[Black "Abund"]
[Result "1-0"]
[WhiteElo "3045"]
[BlackElo "2766"]
[TimeControl "180+1"]
[EndTime "16:08:32 PDT"]
[Termination "SpeedofLight0 won on time"]

1. d4 d5 2. Nc3 Nf6 3. Bf4 c5 4. e3 cxd4 5. exd4 a6 6. Nf3 Nc6 7. Ne5 Bd7 8. Ne2 Qb6 9. Nxd7 Nxd7 10. Bc1 e5 11. c3 exd4 12. Nxd4 Nxd4 13. Qxd4 Bc5 14.
Qh4 O-O 15. Bd3 Rfe8+ 16. Be3 Bxe3 17. Qxh7+ Kf8 18. O-O Nf6 19. Qh8+ Ke7 20. Qh3 Bh6 21. a4 Kf8 22. g4 Ne4 23. a5 Qf6 24. Ra4 Nd2 25. Rd1 Nf3+ 26. Kf1 Ng5 27. Qg3 Ne4 28. Qg2 Nc5 29. Rd4 Nxd3 30. R1xd3 Qe5 31. Qf3 Rad8 32. h4 Bc1 33. b4 g6 34. Rd1 Bh6 35. c4 Bg7 36. cxd5 Rd6 37. g5 Kg8 38. Rf4 Re7 39. Rd3 Qa1+ 40. Kg2 Be5 41. Rc4 Rd8 42. h5 gxh5 43. Qxh5 Bg7 44. d6 Re1 45. Qf3 Rg1+ 46.
Kh3 Rh1+ 47. Kg4 Qg1+ 48. Kf5 Rh5 49. Qxh5 Qxf2+ 50. Qf3 Qh2 51. d7 Qh7+ 52. Kg4 Be5 53. Rc8 Rxc8 54. dxc8=Q+ Kg7 55. Qcf5 Qg8 56. Qxe5+ Kh7 57.
Qh3+ 1-0

[Event "Late-Titled-Tuesday-Blitz-April-23-2024"]
[Site "Chess.com"]
[Date "2024.04.23"]
[Round "11"]
[White "Veleamater"]
[Black "JaackCamel"]
[Result "1-0"]
[WhiteElo "2426"]
[BlackElo "2248"]
[TimeControl "180+1"]
[EndTime "16:08:35 PDT"]
[Termination "Veleamater won on time"]

1. g3 d5 2. Bg2 e5 3. d3 Nf6 4. Nf3 Nc6 5. O-O Be7 6. Nc3 O-O 7. e4 d4 8. Ne2 h6 9. h3 Be6 10. Ne1 Nd7 11. f4 f6 12. f5 Bf7 13. g4 Ncb8 14. Rf2 c5 15. Bf1 b5 16. Rg2 Nc6 17. Ng3 c4 18. Nh1 Nc5 19. Nf2 cxd3 20. cxd3 Nb4 21.
Bd2 Nxa2 22. h4 Nb3 23. g5 Nxd2 24. gxh6 Nxf1 25. Rxg7+ Kh8 26. Kxf1 Nb4 27. h5 Qe8 28. Rg6 Rg8 29. Qg4 Qd7 30. Kg2 a5 31. Kh2 a4 32.
Nf3 Nc6 33. Rg1 Bxg6 34. hxg6 Bf8 35. Qh4 Be7 36. Qh5 Qe8 37. Ng4 b4 38. g7+ Kh7 39. Qg6+ Qxg6 40. fxg6+ Kxg6 41. Nh4+ Kh7 42. Nf5 Ra6 43. Ra1 Bd8 44. Kh3 a3 45. Kh4 axb2 46.
Rb1 Ra2 47. Kh5 Ra1 48. Rxb2 Rh1+ 49. Nh2 b3 50. Kg4 Rg1+ 51. Kf3 Nb4 52. Rxb3 Nxd3 53.
Rxd3 Rb1 54. Kg4 Rg1+ 55. Ng3 f5+ 56. exf5 Bf6 57. Nf3 e4 58. Nxg1 exd3 59. Nf3 Kxh6 60. Ne4 Bxg7 61. Kf4 1-0

[Event "Late-Titled-Tuesday-Blitz-April-23-2024"]
[Site "Chess.com"]
[Date "2024.04.23"]
[Round "11"]
[White "whiteglovethief"]
[Black "Korchmar_Vasiliy"]
[Result "0-1"]
[WhiteElo "2599"]
[BlackElo "2704"]
[TimeControl "180+1"]
[EndTime "16:08:37 PDT"]
[Termination "Korchmar_Vasiliy won by resignation"]

1. d4 Nf6 2. c4 g6 3. Nc3 d5 4.
cxd5 Nxd5 5. e4 Nxc3 6. bxc3 Bg7 7. Nf3 c5 8. Rb1 O-O 9. Be2 b6 10. O-O Bb7 11. Qd3 e6 12. Rd1 Nd7 13. Bg5 Qc7 14.
Qe3 Nf6 15. Bd3 Rac8 16. Bf4 Qe7 17. h3 cxd4 18. cxd4 Rc3 19. Qe2 Rfc8 20. Bg5 h6 21. Bh4 g5 22. Nxg5 hxg5 23. Bxg5 Qa3 24. e5 Nh7 25.
Bxh7+ Kxh7 26. Bf6 Bh6 27. Qh5 Qf8 28. Bg5 R8c7 29.
Rbc1 Rxc1 30. Rxc1 Rd7 31. Rc3 Be4 32. Rc8 Qg7 33.
Rh8+ Qxh8 34. Bxh6 Bg6 35. Qh4 Kg8 36. Kh2 Rxd4 37.
Qxd4 Qxh6 38. f4 Bf5 39. a4 Kg7 40. Kg1 Qh4 41. Qe3 a6 42. g4 Bg6 43. Kh2 Qd8 44.
Qc3 Kh7 45. f5 exf5 46. gxf5 Bxf5 47. Qf3 Bg6 48. Qf4 b5 49. h4 bxa4 50. h5 Bxh5 51. Qe4+ Bg6 52. Qxa4 Qd5 53. Kg3 Qxe5+ 54. Kh4 Qf6+ 55. Kh3 Qf5+ 56. Kh4 a5 57. Qd1 Qe4+ 58. Kh3 Qd3+ 59. Kh2 Qxd1 0-1

[Event "Late-Titled-Tuesday-Blitz-April-23-2024"]
[Site "Chess.com"]
[Date "2024.04.23"]
[Round "11"]
[White "venturov"]
[Black "Ajedrez_con_German"]
[Result "0-1"]
[WhiteElo "2513"]
[BlackElo "2649"]
[TimeControl "180+1"]
[EndTime "16:08:39 PDT"]
[Termination "Ajedrez_con_German won by resignation"]

1. e4 a6 2. d4 e6 3. c4 Bb4+ 4. Bd2 Bxd2+ 5. Qxd2 d6 6. Nc3 Nf6 7. Bd3 e5 8. d5 a5 9. Bc2 O-O 10. Nge2 Na6 11. O-O Nc5 12. b3 g6 13. a3 Nh5 14. b4 Nd7 15. Rac1 Qf6 16. Nb5 Qd8 17. Bb1 b6 18. f4 exf4 19. Nxf4 Nxf4 20. Qxf4 axb4 21.
axb4 Ba6 22. Nd4 Ne5 23. Nc6 Nxc6 24. dxc6 Qe7 25. Bd3 Bc8 26. Rfe1 Ra3 27. Bf1 Re8 28. Ra1 Rxa1 29. Rxa1 Be6 30. Ra7 Rc8 31. e5 d5 32.
cxd5 Bxd5 33. b5 Be6 34. h3 Rd8 35. Qf2 Rb8 36. Qd4 h5 37. Qd6 Qxd6 38. exd6 cxd6 39. Rb7 Rc8 40. Rxb6 d5 41. Rb7 d4 42. c7 Kf8 43.
b6 Ke7 44. Rb8 Kd6 45. Rxc8 Bxc8 46. Kf2 Kc5 47. Be2 Kxb6 48. Kf3 Kxc7 49. Bc4 Be6 50. Bd3 Kd6 51. Ke4 Kc5 52. Ke5 Bc4 53. Be4 d3 54. Bf3 d2 55. Kf4 Kd4 56. g4 hxg4 57.
hxg4 Bb3 58. Kg5 d1=Q 59. Bxd1 Bxd1 60. Kf6 Bb3 61. g5 Ke4 62. Kg7 Kf5 63. Kh6 Kg4 0-1

[Event "Late-Titled-Tuesday-Blitz-April-23-2024"]
[Site "Chess.com"]
[Date "2024.04.23"]
[Round "11"]
[White "Nemsko"]
[Black "dolynachess"]
[Result "0-1"]
[WhiteElo "2447"]
[BlackElo "2539"]
[TimeControl "180+1"]
[EndTime "16:08:40 PDT"]
[Termination "dolynachess won by resignation"]

1. e4 c5 2. Nf3 d6 3. d4 cxd4 4. Nxd4 Nf6 5. Nc3 g6 6. Be3 Nc6 7. f3 h5 8. Qd2 Nxd4 9. Bxd4 Bh6 10.
Be3 Bxe3 11. Qxe3 Be6 12. O-O-O Qa5 13. Kb1 Rc8 14. a3 h4 15. Bb5+ Kf8 16. Qd3 Rh5 17. Ba4 Rxc3 18. Qxc3 Qxa4 19. Rd4 Qc6 20. Qxc6 bxc6 21. Ra4 a5 22. b4 axb4 23. Rxb4 Ra5 24. Kb2 Nd7 25. Ra1 Ra6 26. a4 Nb6 27. a5 Nc4+ 28. Kc3 Rxa5 29. Rxa5 Nxa5 30. Rb6 c5 31.
Rb8+ Kg7 32. f4 f5 33. exf5 gxf5 34. Kd3 Nc4 35. Re8 Nb2+ 36. Kc3 Na4+ 37. Kd3 h3 38. gxh3 Kf7 39. Rb8 c4+ 40. Kd4 Nc5 41. h4 Nd7 42.
Ra8 Nf6 43. Ra5 Nh5 44. Ke3 Kf6 45. c3 Bf7 46. Rb5 Ke6 47. Rb6 Nf6 48. Rb5 Ng4+ 49. Kd4 Kf6 50. Ra5 Nxh2 51. Ra7 Ng4 52. Ra8 Nh6 53.
Rh8 Kg7 54. Rb8 Be6 55. Rb7 Kf6 56. Rb6 Kf7 57. Rb8 Ng8 58. Rb7 Nf6 59. Rb5 Nh5 60.
Ke3 Ng3 61. Ra5 Ne4 62. Kd4 Kf6 63. Ra8 Bf7 64. Rh8 Ng3 65. Rh6+ Kg7 66. Rxd6 0-1

[Event "Late-Titled-Tuesday-Blitz-April-23-2024"]
[Site "Chess.com"]
[Date "2024.04.23"]
[Round "11"]
[White "ReadySkate"]
[Black "HajiyevKanan"]
[Result "1/2-1/2"]
[WhiteElo "2707"]
[BlackElo "2618"]
[TimeControl "180+1"]
[EndTime "16:08:41 PDT"]
[Termination "Game drawn by stalemate"]

1. d4 d5 2. c4 c6 3. Nf3 Nf6 4. Nc3 a6 5. e3 Bg4 6. h3 Bxf3 7. Qxf3 e6 8. Bd3 Bb4 9. O-O O-O 10. a3 Bd6 11. e4 dxe4 12. Nxe4 Nxe4 13. Qxe4 g6 14. Bh6 Re8 15. Rad1 Nd7 16. Qf3 Qf6 17. Qg4 Bf8 18. Bg5 Qg7 19. Rfe1 Be7 20. Bxe7 Rxe7 21. d5 cxd5 22.
cxd5 Nf6 23. Qh4 Nxd5 24. Bxa6 bxa6 25. Rxd5 Rb7 26. Rd8+ Rxd8 27. Qxd8+ Qf8 28. Qd2 Rb3 29. Re3 Rb8 30. b4 Qg7 31. Rd3 Qa1+ 32. Kh2 Qe5+ 33. g3 Kg7 34. Re3 Qf6 35. Kg2 Rd8 36. Qc2 Qd4 37. Qc7 Rd7 38. Qe5+ Qxe5 39. Rxe5 Rd6 40. Ra5 Kf6 41. Kf3 e5 42. Ke3 Ke6 43. g4 f5 44.
gxf5+ gxf5 45. f4 e4 46. Ke2 h5 47. a4 h4 48. Rc5 Rd4 49. Rc6+ Kd5 50. Rxa6 Rxb4 51.
Ra5+ Kd4 52. Rxf5 Rxa4 53. Rf8 Ra2+ 54. Kf1 Rh2 55. f5 Ke5 56. f6 Ke6 57. Re8+ Kxf6 58.
Rxe4 Rxh3 59. Kg2 Rg3+ 60. Kh2 Kg5 61. Re5+ Kg4 62. Re4+ Kg5 63. Re5+ Kh6 64. Re4 Kh5 65. Re5+ Rg5 66. Rxg5+ Kxg5 67. Kh3 Kh5 68. Kh2 Kg4 69. Kg2 h3+ 70. Kh1 Kh4 71. Kg1 Kg3 72. Kh1 h2 1/2-1/2

[Event "Late-Titled-Tuesday-Blitz-April-23-2024"]
[Site "Chess.com"]
[Date "2024.04.23"]
[Round "11"]
[White "aranibos"]
[Black "PapaieDudu"]
[Result "1-0"]
[WhiteElo "2279"]
[BlackElo "2428"]
[TimeControl "180+1"]
[EndTime "16:08:44 PDT"]
[Termination "aranibos won by checkmate"]

1. d4 d5 2. Nf3 Nf6 3. Bg5 Ne4 4. Bf4 c5 5. e3 Nc6 6. c3 e6 7. Nbd2 Be7 8. Nxe4 dxe4 9. Nd2 cxd4 10. exd4 f5 11.
Qh5+ g6 12. Qh6 Bf8 13. Qg5 Be7 14. Qh6 Bf6 15. Bb5 Kf7 16. Bxc6 bxc6 17. Be5 Bxe5 18. dxe5 Ba6 19. O-O-O Bd3 20. Rde1 Qd5 21. Nb3 Qxe5 22. f3 Qg7 23. Qf4 e5 24. Qh4 g5 25. Qf2 Kg6 26. h4 h6 27. fxe4 Bxe4 28. Nc5 Bd5 29. h5+ Kf6 30. g4 f4 31. Qc2 Qh7 32. Ne4+ Ke7 33.
c4 Be6 34. Rhg1 Rad8 35. b3 Rd4 36. Nc5 Qxc2+ 37. Kxc2 Kd6 38. Ne4+ Ke7 39. Nc5 Kd6 40. Ne4+ Kc7 41. Nc5 Bxc4 42. Rxe5 Bd5 43. Kc3 f3 44. Kxd4 f2 45. Rf1 Rf8 46. Ne6+ Bxe6 47. Rxe6 Kd7 48.
Re4 Kd6 49. Ke3 Kd5 50. Rc4 Ke5 51. Rxf2 Rd8 52. Rf5+ Ke6 53. Rxc6+ Ke7 54. Rxh6 Rc8 55. Rxg5 Rc1 56. Rg7+ Kf8 57. Rxa7 Re1+ 58. Kf4 Kg8 59. Kg5 Rc1 60. Rd6 Rc5+ 61. Kg6 Rc8 62. h6 Kh8 63.
Rdd7 Rg8+ 64. Kh5 Rg5+ 65. Kxg5 Kg8 66. Rd8# 1-0

[Event "Late-Titled-Tuesday-Blitz-April-23-2024"]
[Site "Chess.com"]
[Date "2024.04.23"]
[Round "11"]
[White "manmanlai1"]
[Black "tylityli"]
[Result "1-0"]
[WhiteElo "2511"]
[BlackElo "2327"]
[TimeControl "180+1"]
[EndTime "16:08:45 PDT"]
[Termination "manmanlai1 won by checkmate"]

1. e4 e5 2. Nf3 Nc6 3. Bc4 Nf6 4. Ng5 d5 5. exd5 Na5 6. Bb5+ c6 7. dxc6 bxc6 8. Qf3 Rb8 9. Bxc6+ Nxc6 10. Qxc6+ Nd7 11. h4 Rb6 12. Qc4 Rf6 13. Nc3 h6 14. Nge4 Rg6 15. h5 Rxg2 16. d3 f5 17. Qe6+ Qe7 18. Nd6+ Kd8 19. Nf7+ Ke8 20. Qxe7+ Bxe7 21. Nxh8 Bc5 22. Nd1 f4 23. Ng6 Rg5 24. Nxf4 exf4 25. Bxf4 Rf5 26. Be3 Bb4+ 27. c3 Bb7 28. Rg1 Bf8 29. Bd4 Kf7 30. Ne3 Rxh5 31. Nc4 a6 32. O-O-O Bf3 33. Rde1 g5 34. Re3 Bb7 35. Ne5+ Nxe5 36. Bxe5 Rh4 37. d4 Be4 38. Rge1 Bf5 39. c4 h5 40. b3 g4 41. Kb2 Bb4 42. Rg1 Rh3 43. Rxh3 gxh3 44.
Bh2 Kf6 45. a3 Ba5 46. b4 Bb6 47. Kc3 Ke6 48. d5+ Kf6 49. Rf1 Bg4 50. c5 Bd8 51.
Kd4 Bf3 52. Re1 Bg2 53. Re6+ Kf7 54. Ke5 Bh4 55. Rh6 Bxf2 56. Rf6+ Kg7 57. Rxf2 Kg6 58.
d6 Kg5 59. d7 Kg4 60. d8=Q h4 61. Qg8+ Kh5 62. Rf5+ Kh6 63. Qg5+ Kh7 64. Rf7+ Kh8 65. Qg7# 1-0